 Dungeon Crawl Stone Soup version 0.23.0-3-gf3c87f2 (webtiles) character file.

Game seed: 13420490580617567962

25 xccam the Insei (level 3, -3/23 HPs)
             Began as an Octopode Transmuter on Feb 21, 2019.
             Slain by a worm (10 damage)
             ... on level 2 of the Dungeon.
             The game lasted 00:01:57 (723 turns).

xccam the Insei (Octopode Transmuter)                Turns: 723, Time: 00:01:58

Health: -3/23      AC:  1    Str: 10    XL:     3   Next: 6%
Magic:  5/6        EV: 13    Int: 15    God:
Gold:   70         SH:  0    Dex: 12    Spells: 5/6 levels left

rFire    . . .     SeeInvis .     - Unarmed
rCold    . . .     Gourm    .   (no shield)
rNeg     . . .     Faith    .   (helmet restricted)
rPois    .         Spirit   .   (no amulet)
rElec    .         Reflect  .   (no ring)
rCorr    .         Harm     .   (no ring)
MR       .....                  (no ring)
Stlth    +++.......             (no ring)
HPRegen  0.07/turn              (no ring)
MPRegen  0.10/turn              (no ring)
                                (no ring)
                                (no ring)

@: appendage (expiring)
A: almost no armour, stealthy swim, amphibious, 8 rings, constrict 8, tentacle
spike 3, camouflage 1, gelatinous body 1
a: End Transformation


You were on level 2 of the Dungeon.
You were not hungry.
One of your tentacles had a temporary spike.
You visited 1 branch of the dungeon, and saw 2 of its levels.

You collected 70 gold pieces.

Inventory:

Missiles
 a - 12 arrows
Scrolls
 b - 2 scrolls of teleportation {unknown}
 d - 2 scrolls of remove curse {unknown}
 e - 2 scrolls of identify {unknown}
Potions
 f - a potion of flight {unknown}
 g - a potion of curing {unknown}
Comestibles
 c - 2 rations


   Skills:
 - Level 1.0 Fighting
 - Level 2.0 Dodging
 + Level 2.6 Stealth
 + Level 3.6 Unarmed Combat
 - Level 2.0 Spellcasting
 - Level 2.0 Transmutations


You had 5 spell levels left.
You knew the following spells:

 Your Spells              Type           Power        Failure   Level  Hunger
a - Beastly Appendage     Tmut           #.....       10%         1    #......

Your spell library contained the following spells:

 Spells                   Type           Power        Failure   Level  Hunger
 Sticks to Snakes         Tmut           #.......     14%         2    ###....
 Spider Form              Tmut/Pois      #.........   41%         3    ###....
 Ice Form                 Ice/Tmut       #.......     82%         4    #####..
 Blade Hands              Tmut           #.........   95%         5    ######.


Dungeon Overview and Level Annotations

Branches:
Dungeon (2/15)

Altars:
Yredelemnul


Innate Abilities, Weirdness & Mutations

You cannot wear most types of armour.
You are very stealthy in the water. (Stealth+)
You are amphibious.
You can wear up to eight rings at the same time.
You can use your tentacles to constrict eight enemies at once.
Your skin changes colour to match your surroundings (Stealth+).
Your rubbery body absorbs attacks. (AC +1, EV +1)
One of your tentacles bears a large vicious spike.


Message History

A frilled lizard comes into view.
You start resting.
The worm is too close now for your liking.
Casting: Beastly Appendage (safe; 10% risk of failure)
Confirm with . or Enter, or press ? or * to list all spells.
One of your tentacles grows a vicious spike.
You completely miss the worm. Your grab misses the worm.
You pierce the worm.
You squeeze the worm, but do no damage.
The worm is lightly wounded.
You tentacle-slap the worm. You grab the worm.
The worm is lightly wounded.
Your transformation is almost over.
You constrict the worm. The worm bites you!
You tentacle-slap the worm.
You pierce the worm.
The worm is heavily wounded.
You constrict the worm. You tentacle-slap the worm. x2
The worm is severely wounded.
You constrict the worm. The worm bites you!
You die...

######...
........##
#.## ###†.<#
#..###.#...#
... ..#...#
##.###.#...#
#....#.#...#
#...##.#...#
#@#........#
#w#.l#.#..##
#....#.#..#
#.#....#..#
#.#.#..#..#
#..†...#..#
#.#.##.#..#
#...w#....#
##.....g..#


You could see a worm.

Vanquished Creatures
  2 leopard geckos
  A ball python (D:1)
  A giant cockroach (D:2)
  6 goblins
  3 hobgoblins (D:1)
  2 bats (D:1)
  A frilled lizard (D:1)
  3 kobolds (D:1)
  3 rats (D:1)
22 creatures vanquished.

Notes
Turn   | Place    | Note
-------+----------+-------------------------------------------
     0 | D:1      | xccam the Octopode Transmuter began the quest for the Orb.
     0 | D:1      | Reached XP level 1. HP: 13/13 MP: 3/3
   114 | D:1      | Reached skill level 1 in Stealth
   119 | D:1      | Reached XP level 2. HP: 12/18 MP: 3/5
   696 | D:2      | Found a basalt altar of Yredelemnul.
   699 | D:2      | Reached XP level 3. HP: 21/23 MP: 6/6
   723 | D:2      | Slain by a worm

Skill      XL: |  1  2 |
---------------+-------+-----
Stealth        | 1 2 |  2.6
Fighting       | |  1.0
Dodging        | |  2.0
Unarmed Combat | |  3.6
Spellcasting   | |  2.0
Transmutations | |  2.0

Action                   || total
-------------------------++-------
Melee: Unarmed           ||    45
       Constrict         ||    12
       Tentacles         ||     9
       Kick              ||     4
       Punch             ||     1
 Cast: Beastly Appendage ||     3
 Stab: Sleeping          ||     6
Dodge: Dodged            ||    25
